TOP OF THE 1ST |
Houston BC batting - Pitching for Jersey City Tritons : RHP Greg Rook
|
Pitching: RHP Greg Rook
|
|
Batting: RHB Habbo Allaart
|
0-0: Ball 1-0: Called Strike 1-1: Ball 2-1: Called Strike 2-2: Strikes out looking
|
Batting: RHB Ismael Sandoval
|
0-0: Ball 1-0: SINGLE (Line Drive, 4)
|
Batting: LHB Dawit Lihalakha
|
0-0: Called Strike 0-1: Fly out, F5 (Flyball, 5D)
|
Batting: RHB Alfredo Mojica
|
0-0: Ball 1-0: Fielders Choice at 2nd, 5-4 (Groundball, 5L)
|
Top of the 1st over - 0 runs, 1 hit, 0 errors, 1 left on base; Houston 0 - Jersey City 0 |
BOTTOM OF THE 1ST |
Jersey City Tritons batting - Pitching for Houston BC : RHP Bryan Palmer
|
Pitching: RHP Bryan Palmer
|
|
Batting: LHB Francisco Ornelas
|
0-0: Ball 1-0: Called Strike 1-1: Ball 2-1: Foul Ball, location: 2F 2-2: Ball 3-2: Strikes out swinging
|
Batting: RHB Colt Cabana
|
0-0: Bunt for hit - play at first, batter OUT! 1-3
|
Batting: LHB Miguel Gazivoda
|
0-0: Called Strike 0-1: Ball 1-1: Ball 2-1: Ball 3-1: Base on Balls
|
Batting: RHB Zahid Kashani
|
0-0: Ball 1-0: Fielders Choice at 2nd, 6-4 (Groundball, 6)
|
Bottom of the 1st over - 0 runs, 0 hits, 0 errors, 1 left on base; Houston 0 - Jersey City 0 |
TOP OF THE 2ND |
Houston BC batting - Pitching for Jersey City Tritons : RHP Greg Rook
|
Batting: RHB Ludovico Trezza
|
0-0: Called Strike 0-1: Ball 1-1: Ball 2-1: Called Strike 2-2: Strikes out looking
|
Batting: RHB Alfonso Bocanegra
|
0-0: Called Strike 0-1: Ball 1-1: Called Strike 1-2: Foul Ball, location: 2F 1-2: Ground out 1-3 (Groundball, P)
|
Batting: RHB António López
|
0-0: Ball 1-0: Ball 2-0: Ball 3-0: Called Strike 3-1: Foul Ball, location: 2F 3-2: Fly out, F8 (Flyball, 8RM)
|
Top of the 2nd over - 0 runs, 0 hits, 0 errors, 0 left on base; Houston 0 - Jersey City 0 |
BOTTOM OF THE 2ND |
Jersey City Tritons batting - Pitching for Houston BC : RHP Bryan Palmer
|
Batting: RHB Dave Yates
|
0-0: Ball 1-0: Foul Ball, location: 2F 1-1: Ball 2-1: Fly out, F9 (Flyball, 9)
|
Batting: RHB Vincent Vega
|
0-0: Ball 1-0: Foul Ball, location: 2F 1-1: Ground out U3 (Groundball, 3L)
|
Batting: RHB Rudko Hrnjak
|
0-0: Called Strike 0-1: Ball 1-1: Ball 2-1: DOUBLE (Groundball, 5L)
|
Batting: RHB Juan Chávez
|
0-0: SINGLE (Line Drive, 4M) Rudko Hrnjak to third
|
Batting: RHB Chris Costa
|
0-0: Ball 1-0: Ball 2-0: Ball 3-0: Called Strike 3-1: Base on Balls Juan Chávez to second
|
Batting: LHB Francisco Ornelas
|
0-0: Called Strike 0-1: SINGLE (Line Drive, 56) Rudko Hrnjak scores Juan Chávez to third Chris Costa to second Runner from 3rd tries for Home, SAFE, no throw
|
Batting: RHB Colt Cabana
|
0-0: Ground out U3 (Groundball, 34S)
|
Bottom of the 2nd over - 2 runs, 3 hits, 0 errors, 2 left on base; Houston 0 - Jersey City 2 |
TOP OF THE 3RD |
Houston BC batting - Pitching for Jersey City Tritons : RHP Greg Rook
|
Batting: RHB Tyler Utterback
|
0-0: Foul Ball, location: 2F 0-1: Ball 1-1: Foul Ball, location: 2F 1-2: Ball 2-2: Strikes out swinging
|
Batting: LHB Raúl Trevino
|
0-0: Called Strike 0-1: Ball 1-1: Ball 2-1: Foul Ball, location: 2F 2-2: Foul Ball, location: 2F 2-2: Foul Ball, location: 2F 2-2: Foul Ball, location: 2F 2-2: Strikes out looking
|
Batting: RHB Habbo Allaart
|
0-0: Called Strike 0-1: Foul Ball, location: 2F 0-2: Foul Ball, location: 2F 0-2: Ball 1-2: Foul Ball, location: 2F 1-2: Ball 2-2: Strikes out swinging
|
Top of the 3rd over - 0 runs, 0 hits, 0 errors, 0 left on base; Houston 0 - Jersey City 2 |
BOTTOM OF THE 3RD |
Jersey City Tritons batting - Pitching for Houston BC : RHP Bryan Palmer
|
Batting: LHB Miguel Gazivoda
|
0-0: Ball 1-0: Ball 2-0: Foul Ball, location: 2F 2-1: Fly out, F8 (Flyball, 8RM)
|
Batting: RHB Zahid Kashani
|
0-0: Ball 1-0: Foul Ball, location: 2F 1-1: Swinging Strike 1-2: Foul Ball, location: 2F 1-2: Ball 2-2: Foul Ball, location: 2F 2-2: Strikes out swinging
|
Batting: RHB Dave Yates
|
0-0: Ball 1-0: Ground out 6-3 (Groundball, 6)
|
Bottom of the 3rd over - 0 runs, 0 hits, 0 errors, 0 left on base; Houston 0 - Jersey City 2 |
TOP OF THE 4TH |
Houston BC batting - Pitching for Jersey City Tritons : RHP Greg Rook
|
Batting: RHB Ismael Sandoval
|
0-0: Called Strike 0-1: Foul Ball, location: 2F 0-2: Ball 1-2: Ball 2-2: Foul Ball, location: 2F 2-2: Foul Ball, location: 2F 2-2: DOUBLE (Line Drive, 8LD)
|
Batting: LHB Dawit Lihalakha
|
0-0: Ball 1-0: Called Strike 1-1: Swinging Strike 1-2: Ball 2-2: Ground out 1-3 (Groundball, 13S) Ismael Sandoval to third
|
Batting: RHB Alfredo Mojica
|
0-0: Called Strike 0-1: Swinging Strike 0-2: Strikes out swinging
|
Batting: RHB Ludovico Trezza
|
0-0: Ball 1-0: Called Strike 1-1: Foul Ball, location: 2F 1-2: Ground out U3 (Groundball, 3S)
|
Top of the 4th over - 0 runs, 1 hit, 0 errors, 1 left on base; Houston 0 - Jersey City 2 |
BOTTOM OF THE 4TH |
Jersey City Tritons batting - Pitching for Houston BC : RHP Bryan Palmer
|
Batting: RHB Vincent Vega
|
0-0: Called Strike 0-1: TRIPLE (Flyball, 8RXD)
|
Batting: RHB Rudko Hrnjak
|
0-0: Ball 1-0: Called Strike 1-1: Foul Ball, location: 2F 1-2: Foul Ball, location: 2F 1-2: Strikes out swinging
|
Batting: RHB Juan Chávez
|
0-0: Ball 1-0: Ball Wild Pitch! Vincent Vega scores 2-0: Foul Ball, location: 2F 2-1: Foul Ball, location: 2F 2-2: Ball 3-2: Base on Balls
|
Batting: RHB Chris Costa
|
0-0: Called Strike 0-1: Ball 1-1: Ball 2-1: Ball 3-1: Called Strike 3-2: Base on Balls Juan Chávez to second
|
Batting: LHB Francisco Ornelas
|
0-0: Ball 1-0: DOUBLE (Line Drive, 8RXD) Juan Chávez scores Chris Costa to third Runner from 3rd tries for Home, SAFE, no throw
|
Batting: RHB Colt Cabana
|
0-0: Fly out, F8 (Line Drive, 78D)
|
Batting: LHB Miguel Gazivoda
|
0-0: Called Strike 0-1: Ball 1-1: Swinging Strike 1-2: Foul Ball, location: 2F 1-2: Fly out, F6 (Popup, 6)
|
Bottom of the 4th over - 3 runs, 2 hits, 0 errors, 1 left on base; Houston 0 - Jersey City 5 |
TOP OF THE 5TH |
Houston BC batting - Pitching for Jersey City Tritons : RHP Greg Rook
|
Batting: RHB Alfonso Bocanegra
|
0-0: Ball 1-0: Ball 2-0: Foul Ball, location: 2F 2-1: Foul Ball, location: 2F 2-2: SINGLE (Groundball, 56D)
|
Batting: RHB António López
|
0-0: Ball 1-0: Ball 2-0: Foul Ball, location: 2F 2-1: DOUBLE (Line Drive, 78D) Alfonso Bocanegra to third
|
Batting: RHB Tyler Utterback
|
0-0: Swinging Strike 0-1: Ball 1-1: Foul Ball, location: 2F 1-2: Strikes out looking
|
Batting: LHB Raúl Trevino
|
0-0: Swinging Strike 0-1: Ground out U3 (Groundball, 3)
|
Batting: RHB Habbo Allaart
|
0-0: Foul Ball, location: 2F 0-1: Ball 1-1: Ball 2-1: Ball 3-1: Base on Balls
|
Batting: RHB Ismael Sandoval
|
0-0: Called Strike 0-1: Swinging Strike 0-2: SINGLE (Groundball, 6MD) Alfonso Bocanegra scores António López to third Habbo Allaart to second Runner from 3rd tries for Home, throw and OUT!
|
Top of the 5th over - 1 run, 3 hits, 0 errors, 2 left on base; Houston 1 - Jersey City 5 |
BOTTOM OF THE 5TH |
Jersey City Tritons batting - Pitching for Houston BC : RHP Bryan Palmer
|
Batting: RHB Zahid Kashani
|
0-0: Foul Ball, location: 2F 0-1: Ball 1-1: Called Strike 1-2: Ball 2-2: SOLO HOME RUN (Flyball, 78XD), Distance : 419 ft
|
Batting: RHB Dave Yates
|
0-0: Ball 1-0: Fly out, F5 (Line Drive, 5)
|
Batting: RHB Vincent Vega
|
0-0: Called Strike 0-1: Ball 1-1: Swinging Strike 1-2: Ball 2-2: Foul Ball, location: 2F 2-2: Foul Ball, location: 2F 2-2: Foul Ball, location: 2F 2-2: Ground out 6-3 (Groundball, 6M)
|
Batting: RHB Rudko Hrnjak
|
0-0: Foul Ball, location: 2F 0-1: Ball 1-1: Called Strike 1-2: Ball 2-2: Ball 3-2: DOUBLE (Line Drive, 7LM)
|
Batting: RHB Juan Chávez
|
0-0: Ball 1-0: Called Strike 1-1: Swinging Strike 1-2: SINGLE (Groundball, 4MD) Rudko Hrnjak to third Runner from 3rd tries for Home, SAFE, no throw
|
Pitching: LHP Stanton Miranda
|
|
Batting: RHB Chris Costa
|
0-0: Called Strike 0-1: Called Strike 0-2: Ball Wild Pitch! Juan Chávez to second 1-2: Foul Ball, location: 2F 1-2: Foul Ball, location: 2F 1-2: Foul Ball, location: 2F 1-2: Fly out, F7 (Flyball, 7LSF)
|
Bottom of the 5th over - 2 runs, 3 hits, 0 errors, 1 left on base; Houston 1 - Jersey City 7 |
TOP OF THE 6TH |
Houston BC batting - Pitching for Jersey City Tritons : RHP Greg Rook
|
Batting: LHB Dawit Lihalakha
|
0-0: Ball 1-0: Called Strike 1-1: Ball 2-1: Ball 3-1: Fly out, F5 (Popup, 5SF)
|
Batting: RHB Alfredo Mojica
|
0-0: Called Strike 0-1: Ball 1-1: Ground out 5-3 (Groundball, 5)
|
Batting: RHB Ludovico Trezza
|
0-0: Called Strike 0-1: Swinging Strike 0-2: Foul Ball, location: 2F 0-2: Foul Ball, location: 2F 0-2: Foul Ball, location: 2F 0-2: Foul Ball, location: 2F 0-2: Ball 1-2: Ground out 4-3 (Groundball, 4)
|
Top of the 6th over - 0 runs, 0 hits, 0 errors, 0 left on base; Houston 1 - Jersey City 7 |
BOTTOM OF THE 6TH |
Jersey City Tritons batting - Pitching for Houston BC : LHP Stanton Miranda
|
Batting: LHB Francisco Ornelas
|
0-0: Ball 1-0: Foul Ball, location: 2F 1-1: Ball 2-1: Foul Ball, location: 2F 2-2: Foul Ball, location: 2F 2-2: Fly out, F8 (Flyball, 8LD)
|
Batting: RHB Colt Cabana
|
0-0: Ball 1-0: Ball 2-0: Ball 3-0: Foul Ball, location: 2F 3-1: Fly out, F9 (Line Drive, 9LS)
|
Batting: LHB Miguel Gazivoda
|
0-0: Ball 1-0: Ground out 4-3 (Groundball, 4)
|
Bottom of the 6th over - 0 runs, 0 hits, 0 errors, 0 left on base; Houston 1 - Jersey City 7 |
TOP OF THE 7TH |
Houston BC batting - Pitching for Jersey City Tritons : RHP Greg Rook
|
Pitching: RHP Martin Swanson
|
|
Batting: RHB Alfonso Bocanegra
|
0-0: Fly out, F8 (Flyball, 8RS)
|
Batting: RHB António López
|
0-0: Ball 1-0: Called Strike 1-1: Fly out, F7 (Flyball, 7LM)
|
Batting: RHB Tyler Utterback
|
0-0: Ball 1-0: Called Strike 1-1: Ground out 4-3 (Groundball, 4)
|
Top of the 7th over - 0 runs, 0 hits, 0 errors, 0 left on base; Houston 1 - Jersey City 7 |
BOTTOM OF THE 7TH |
Jersey City Tritons batting - Pitching for Houston BC : LHP Stanton Miranda
|
Batting: RHB Zahid Kashani
|
0-0: Foul Ball, location: 2F 0-1: Foul Ball, location: 2F 0-2: Hit by Pitch
|
Batting: RHB Dave Yates
|
0-0: Foul Ball, location: 2F 0-1: Foul Ball, location: 2F 0-2: Ball 1-2: Ball Zahid Kashani steals 2nd base 2-2: Ball 3-2: Ground out 6-3 (Groundball, 6) Zahid Kashani to third
|
Batting: RHB Vincent Vega
|
0-0: Ball 1-0: Foul Ball, location: 2F 1-1: Called Strike 1-2: Ground out 6-3 (Groundball, 56) Zahid Kashani scores
|
Batting: RHB Rudko Hrnjak
|
0-0: Called Strike 0-1: Ball 1-1: Ball 2-1: DOUBLE (Line Drive, 78D)
|
Batting: RHB Juan Chávez
|
0-0: Called Strike 0-1: Ground out 3-1 (Groundball, 34)
|
Bottom of the 7th over - 1 run, 1 hit, 0 errors, 1 left on base; Houston 1 - Jersey City 8 |
TOP OF THE 8TH |
Houston BC batting - Pitching for Jersey City Tritons : RHP Martin Swanson
|
Now at 2B: Gabriel Guerrero
|
|
Batting: LHB Raúl Trevino
|
0-0: Ball 1-0: Called Strike 1-1: Ball 2-1: Ground out 1-3 (Groundball, 13S)
|
Batting: RHB Habbo Allaart
|
0-0: Called Strike 0-1: SINGLE (Groundball, 4S) (infield hit)
|
Batting: RHB Ismael Sandoval
|
0-0: Foul Ball, location: 2F 0-1: Ball 1-1: Swinging Strike 1-2: Ball 2-2: Ball 3-2: Reached on error, E3 (Groundball, 34) Habbo Allaart to second
|
Batting: LHB Dawit Lihalakha
|
0-0: Foul Ball, location: 2F 0-1: Foul Ball, location: 2F 0-2: Fly out, F9 (Line Drive, 9)
|
Batting: RHB Alfredo Mojica
|
0-0: Fielders Choice at 2nd, 6-4 (Groundball, 6)
|
Top of the 8th over - 0 runs, 1 hit, 1 error, 2 left on base; Houston 1 - Jersey City 8 |
BOTTOM OF THE 8TH |
Jersey City Tritons batting - Pitching for Houston BC : LHP Stanton Miranda
|
Batting: RHB Chris Costa
|
0-0: Ball 1-0: Called Strike 1-1: Swinging Strike 1-2: Fly out, F3 (Popup, 3SF)
|
Batting: LHB Francisco Ornelas
|
0-0: Ball 1-0: DOUBLE (Flyball, 78D)
|
Batting: RHB Colt Cabana
|
0-0: Ground out 6-3 (Groundball, 6) Francisco Ornelas to third
|
Batting: LHB Miguel Gazivoda
|
0-0: Ball 1-0: Foul Ball, location: 2F 1-1: Swinging Strike 1-2: Strikes out swinging
|
Bottom of the 8th over - 0 runs, 1 hit, 0 errors, 1 left on base; Houston 1 - Jersey City 8 |
TOP OF THE 9TH |
Houston BC batting - Pitching for Jersey City Tritons : RHP Martin Swanson
|
Now at 3B: Vince Barrowcliff
|
|
Batting: RHB Ludovico Trezza
|
0-0: Ground out 5-3 (Groundball, 56S)
|
Batting: RHB Alfonso Bocanegra
|
0-0: SINGLE (Flyball, 8RS)
|
Batting: RHB António López
|
0-0: Ball 1-0: Called Strike 1-1: Ball 2-1: Ball 3-1: Foul Ball, location: 2F 3-2: Grounds into double play, 5-4-3 (Groundball, 56)
|
Top of the 9th over - 0 runs, 1 hit, 0 errors, 0 left on base; Houston 1 - Jersey City 8 |
|